Map: Rhoskallian LE

Players

Massa

  • Race: Terran Terran
  • League: Platinum
  • Spawn Location: 12:00

qqq

  • Race: Protoss Protoss
  • League: Platinum
  • Spawn Location: 11:00

GireOut - Winner!

  • Race: Terran Terran
  • League: Diamond
  • Spawn Location: 5:00

kytsyr - Winner!

  • Race: Zerg Zerg
  • League: Diamond
  • Spawn Location: 6:00

VOD

Have the link to the VOD?

Description

Time

  • Played on: Sept. 27, 2020, 8:12 a.m.
  • Length: 6:13
Show
View Real Time Build Order
Export as new Build Order

Massa Terran 

Build Orders: Reaper Expand 

Get SALT Encoding   

  12  0:00  SCV  
  13  0:12  SCV  
  14  0:23  Supply Depot  
  14  0:24  SCV  
  15  0:36  Refinery  
  15  0:45  SCV  
  15  0:47  Barracks  
  16  0:57  SCV  
  17  1:09  SCV  
  18  1:21  SCV  
  19  1:34  Reaper  
  19  1:36  Orbital Command  
  20  1:45  Command Center  
  20  2:06  Marine  
  22  2:08  SCV  
  22  2:17  Factory  
  22  2:20  Supply Depot  
  22  2:58  Command Center  
  22  3:00  Engineering Bay  
  22  3:01  Refinery  
  22  3:02  Orbital Command  
  22  3:04  Factory Reactor  
  22  3:05  Barracks Reactor  
  22  3:07  Barracks Tech Lab  
  22  3:12  Supply Depot  
  21  3:15  SCV  
  22  3:27  Starport  
  22  3:30  SCV  
  22  3:32  SCV  
  24  3:42  SCV  
  24  3:43  Hellion  
  24  3:47  Hellion  
  29  3:49  Marine  
  29  3:54  SCV x2  
  32  4:00  Missile Turret  
  32  4:04  Hellion  
  32  4:08  Hellion  
  36  4:15  Orbital Command  
  29  4:40  SCV x2  
  29  4:52  SCV  
  30  4:58  SCV x2  
  32  5:04  SCV, Medivac  
  35  5:10  SCV  
  35  5:11  SCV  
  34  5:16  SCV  
  34  5:18  Hellion x2  
  39  5:22  SCV  
  39  5:23  SCV  
  43  5:28  Marauder  
  43  5:39  Hellion  
  29  5:50  Marauder  
  19  5:59  SCV  
  19  6:00  SCV x2  
Show
View Real Time Build Order
Export as new Build Order

qqq Protoss 

Build Orders: Cannon Rush 

Get SALT Encoding   

  12  0:01  Probe  
  13  0:13  Probe  
  14  0:19  Pylon  
  14  0:25  Probe  
  15  0:37  Probe  
  16  0:43  Forge  
  16  0:49  Probe  
  17  1:01  Probe  
  18  1:10  Pylon  
  18  1:21  Probe  
  19  1:28  Photon Cannon  
  19  1:33  Probe  
  19  1:35  Photon Cannon  
  19  1:45  Probe  
  20  1:47  Photon Cannon  
  19  1:57  Probe  
  20  2:09  Probe  
  20  2:10  Pylon  
  20  2:15  Pylon  
  21  2:21  Probe  
  22  2:34  Probe, Photon Cannon  
  23  2:37  Photon Cannon  
  22  2:52  Pylon  
  21  3:07  Photon Cannon  
  21  3:11  Pylon  
  21  3:30  Gateway  
  21  3:36  Probe  
  21  3:37  Nexus  
  21  3:38  Assimilator  
  22  3:43  Assimilator  
  23  3:48  Probe  
  23  3:57  Photon Cannon  
  23  4:16  Probe  
  23  4:26  Cybernetics Core  
  23  4:28  Probe  
  23  4:29  Gateway  
  24  4:40  Probe  
  25  4:51  Pylon  
  25  4:52  Pylon  
  25  4:56  Probe  
  25  4:57  Probe  
  27  5:05  Pylon  
  27  5:09  Probe x2  
  29  5:14  Gateway  
  29  5:17  Stalker (Chrono Boost)  
  29  5:21  Probe x2  
  33  5:35  Stargate  
  33  5:36  Stargate  
  33  5:42  Stalker  
  35  6:06  Pylon  
Show
View Real Time Build Order
Export as new Build Order

GireOut Terran - Winner!

Build Orders:  

Get SALT Encoding   

  12  0:00  SCV  
  13  0:13  SCV  
  14  0:19  Supply Depot  
  14  0:26  Refinery  
  14  0:29  SCV  
  15  0:44  Barracks  
  15  0:46  SCV  
  16  1:01  SCV  
  16  1:02  Refinery  
  17  1:41  Orbital Command  
  17  1:43  Barracks Reactor  
  17  1:48  Barracks  
  17  1:51  Supply Depot  
  17  2:07  Supply Depot  
  17  2:08  SCV  
  18  2:21  Reaper x2  
  20  2:24  SCV  
  21  2:38  Barracks Reactor  
  21  2:42  SCV  
  22  2:48  Bunker  
  22  2:58  Reaper x2  
  24  3:01  SCV  
  24  3:03  Engineering Bay  
  25  3:22  SCV  
  25  3:24  Reaper  
  25  3:25  Reaper  
  28  3:30  Reaper x2  
  30  3:53  Supply Depot  
  30  3:55  Terran Infantry Weapons Level 1  
  30  3:57  Reaper x2  
  30  4:02  Reaper x2  
  34  4:16  Supply Depot  
  34  4:29  Reaper x2  
  36  4:34  Reaper x2  
  38  4:56  Command Center  
  38  5:01  Reaper x2  
  38  5:06  Reaper  
  41  5:15  Reaper  
  42  5:33  Reaper x2  
  42  5:35  SCV, Barracks  
  45  5:36  Barracks  
  45  5:37  Barracks  
  45  5:38  Reaper  
  45  5:47  SCV  
Show
View Real Time Build Order
Export as new Build Order

kytsyr Zerg - Winner!

Build Orders: Pool First 

Get SALT Encoding   

  12  0:01  Drone  
  13  0:23  Spawning Pool  
  12  0:30  Drone  
  12  0:31  Drone  
  14  0:39  Overlord  
  14  1:10  Extractor  
  14  1:11  Zergling x6  
  14  1:12  Queen  
  18  1:22  Drone  
  19  1:35  Zergling x2  
  20  1:51  Zergling x2  
  21  2:10  Drone  
  21  2:12  Overlord  
  22  2:30  Drone  
  22  2:31  Drone x3  
  22  2:35  Extractor  
  24  3:14  Hatchery  
  24  3:15  Zergling x10  
  24  3:16  Zergling x2  
  24  3:17  Metabolic Boost  
  29  3:20  Baneling Nest  
  28  3:31  Drone  
  30  3:48  Roach Warren  
  30  3:52  Overlord  
  29  4:12  Drone x3  
  27  4:32  Roach x3  
  27  4:33  Roach  
  35  4:39  Queen  
  35  4:41  Drone x2  
  39  4:53  Ravager  
  39  4:54  Ravager x3  
  39  4:56  Overlord x2  
  43  5:12  Lair  
  43  5:13  Drone  
  44  5:16  Drone x4  
  45  5:30  Roach x4  
  45  5:31  Zergling x2  
  54  5:38  Drone x2  
  56  5:51  Roach x2  
  56  5:52  Overlord  
Tags
 
Add a new tag
Caveats
  • Supply blocks, unpowered buildings, or Contaminate may cause inaccurate times.
  • Supply counts are checked every 10 seconds.